 Dungeon Crawl Stone Soup version 0.27.0-1-g7a089689b8 (webtiles) character file.

Game seed: 9563838683027153299

21 SnakkuSnakku7 the Chucker (level 2, -1/23 HPs)
             Began as a Draconian Arcane Marksman on Aug 7, 2021.
             Slain by a goblin (4 damage)
             ... on level 2 of the Dungeon.
             The game lasted 00:01:00 (806 turns).

SnakkuSnakku7 the Chucker (DrAM)                     Turns: 806, Time: 00:01:00

Health: -1/23      AC:  4    Str: 12    XL:     2   Next: 62%
Magic:  3/3        EV: 12    Int: 13    God:
Gold:   0          SH:  0    Dex: 11    Spells: 2/3 levels left

rFire    . . .     SeeInvis .   c - +0 club
rCold    . . .     Faith    .   (no shield)
rNeg     . . .     Spirit   .   (armour unavailable)
rPois    .         Reflect  .   (helmet restricted)
rElec    .         Harm     .   (no cloak)
rCorr    .         Rampage  .   (no gloves)
Will     .....                  (no boots)
Stlth    +.........             (no amulet)
HPRegen  0.07/turn              (no ring)
MPRegen  0.08/turn              (no ring)

@: no status effects
A: AC +4, unfitting armour, cold-blooded
a: no special abilities


You were on level 2 of the Dungeon.
You visited 1 branch of the dungeon, and saw 2 of its levels.

Inventory:

Hand Weapons
 c - a +0 club (weapon)
Missiles
 a - 5 javelins
 b - 2 throwing nets
 d - 14 poisoned darts (quivered)
Scrolls
 e - a scroll of enchant weapon {unknown}
 f - a scroll of identify {unknown}


   Skills:
 - Level 1.1 Fighting
 + Level 3.0 Throwing
 - Level 1.7 Dodging
 - Level 1.0 Spellcasting
 - Level 2.6 Hexes


You had 2 spell levels left.
You knew the following spells:

 Your Spells              Type           Power      Damage    Failure   Level
a - Corona                Hex            7%         N/A       10%         1

Your spell library contained the following spells:

 Spells                   Type           Power      Damage    Failure   Level
 Slow                     Hex            7%         N/A       14%         2
 Inner Flame              Hex/Fire       4%         N/A       43%         3
 Portal Projectile        Hex/Tloc       8%         N/A       43%         3
 Cause Fear               Hex            3%         N/A       67%         4


Dungeon Overview and Level Annotations

Branches:
Dungeon (2/15)

Altars:


Innate Abilities, Weirdness & Mutations

Your plain brown scales are hard. (AC +4)
You cannot fit into any form of body armour.
You are cold-blooded and may be slowed by cold attacks.


Message History

The hobgoblin hits you but does no damage.
The goblin completely misses you.
You closely miss the goblin. The hobgoblin misses you.
The goblin hits you with a +0 club.
You barely miss the goblin.
Your tail-slap misses the goblin.
The hobgoblin barely misses you. The goblin hits you with a +0 club.
The hobgoblin hits you. The goblin barely misses you.
You hit the goblin.
The goblin is almost dead.
The hobgoblin hits you but does no damage.
The goblin hits you with a +0 club.
You barely miss the goblin.
The goblin is almost dead.
The hobgoblin barely misses you. The goblin hits you but does no damage.
You closely miss the goblin.
The goblin is almost dead.
The hobgoblin hits you but does no damage.
The goblin barely misses you. The hobgoblin hits you.
The goblin barely misses you.
You closely miss the goblin.
The goblin is almost dead.
The hobgoblin hits you. The goblin closely misses you.
You hit the goblin but do no damage.
The goblin is almost dead.
The hobgoblin misses you. The goblin hits you but does no damage.
You barely miss the goblin.
The goblin is almost dead.
The hobgoblin hits you. The goblin closely misses you. The hobgoblin hits you.
* * * LOW HITPOINT WARNING * * *
You barely miss the goblin.
Your tail-slap misses the goblin.
The goblin is almost dead.
The goblin hits you but does no damage. The hobgoblin hits you.
* * * LOW HITPOINT WARNING * * *
The goblin hits you but does no damage.
You closely miss the goblin.
The goblin is almost dead.
The hobgoblin hits you.
* * * LOW HITPOINT WARNING * * *
The goblin hits you with a +0 club.
You die...

##########
#.g@g....#
........######.#
######..# #..#
#..# #..# #..#
#...


You could see a hobgoblin and a goblin.

Vanquished Creatures
  A ball python (D:2)
  2 bats (D:1)
  An endoplasm (D:1)
  5 goblins
  A hobgoblin (D:1)
  4 jackals (D:1)
  2 kobolds (D:1)
  A rat (D:1)
17 creatures vanquished.

Notes
Turn   | Place    | Note
-------+----------+-------------------------------------------
     0 | D:1      | SnakkuSnakku7 the Draconian Arcane Marksman began the quest
                  | for the Orb.
     0 | D:1      | Reached XP level 1. HP: 16/16 MP: 2/2
    69 | D:1      | Reached skill level 2 in Throwing
   338 | D:1      | Reached XP level 2. HP: 23/23 MP: 3/3
   640 | D:2      | Reached skill level 3 in Throwing
   806 | D:2      | Slain by a goblin

Illustrated notes

Levels and vault maps discovered:
D:1:      sevenhm_arrival_forest_fort_large_2, layout_rooms, serial_shops, shop,
          minmay_misc_feat_iff, minmay_misc_feat_diagonals
D:2:      layout_basic, serial_shops, shop_statue

Skill      XL: |  1  2 |
---------------+-------+-----
Throwing       | 2 3 |  3.0
Fighting       | |  1.1
Dodging        | |  1.7
Spellcasting   | |  1.0
Hexes          | |  2.6

Action                   || total
-------------------------++-------
Melee: Unarmed           ||    17
       Club              ||    61
       Tailslap          ||     6
Throw: Javelin           ||     4
Armor: Skin              ||    48
Dodge: Dodged            ||    76
